 Dungeon Crawl Stone Soup version 0.24-a0-139-geb6712d24a (webtiles) character file.

Game seed: 0

84466 hugintern the Warrior (level 15, -5/123 HPs)
             Began as an Octopode Chaos Knight on Mar 2, 2019.
             Was a High Priest of Makhleb.
             Slain by a neqoxec (10 damage)
             ... summoned by an orc sorcerer
             ... led by an orc high priest
             ... while paralysed by an orc sorcerer
             ... on level 2 of the Orcish Mines on Mar 3, 2019.
             The game lasted 01:39:56 (40422 turns).

hugintern the Warrior (Octopode Chaos Knight)      Turns: 40422, Time: 01:39:57

Health: -5/123     AC:  3    Str: 17    XL:     15   Next: 80%
Magic:  30/30      EV:  2    Int: 12    God:    Makhleb [*****.]
Gold:   1657       SH:  0    Dex: 23    Spells: 20/23 levels left

rFire    + . .     SeeInvis +   Y - +6 battleaxe of the Pits of Slime {freeze, *Rage rPois rC++ Dex+3}
rCold    + + +     Gourm    .   (shield currently unavailable)
rNeg     + . .     Faith    .   (helmet restricted)
rPois    +         Spirit   .   f - amulet "Ryuzox" {Reflect -Tele MP+9 Str+5 Dex+4 SH+2}
rElec    .         Reflect  +   a - ring of wizardry
rCorr    +         Harm     .   C - ring of see invisible
MR       +....     Rnd*Rage +   y - ring of wizardry Stlth ++........NoTele +
                                E - ring of positive energy
HPRegen  0.30/turn              R - ring of resist corrosion
MPRegen  0.22/turn              U - ring of protection from cold
                                B - ring of wizardry
                                (no ring)

@: paralysed, liquid flames, glowing
A: almost no armour, stealthy swim, amphibious, 8 rings, constrict 8, tentacle
spike 1, iridescent scales 1, large bone plates 1, camouflage 1, dopey 2, fire
resistance 1, mutation resistance 1, gelatinous body 1
a: Minor Destruction, Lesser Servant of Makhleb, Major Destruction, Greater
Servant of Makhleb, Renounce Religion


You were on level 2 of the Orcish Mines.
You worshipped Makhleb.
Makhleb was extremely pleased with you.
You were not hungry.

You visited 4 branches of the dungeon, and saw 24 of its levels.
You also visited: Bailey.

You collected 2963 gold pieces.
You spent 1306 gold pieces at shops.

Inventory:

Hand Weapons
 d - a +4 great mace of holy wrath
 k - a +4 morningstar of venom
 p - a +1 flail of protection
 r - a +0 blowgun
 x - the +3 great mace of Iruo {flame, rPois rN+ MR+ Dex-4}
   (You bought it in a shop on level 7 of the Dungeon)

   It has been specially enchanted to burn those struck by it, causing extra
   injury to most foes and up to half again as much damage against particularly
   susceptible opponents.
   It affects your dexterity (-4).
   It protects you from poison.
   It protects you from negative energy.
   It affects your resistance to hostile enchantments.
 z - a +4 battleaxe
 Y - the +6 battleaxe of the Pits of Slime (weapon) {freeze, *Rage rPois rC++ Dex+3}
   (You found it on level 15 of the Dungeon)

   It has been specially enchanted to freeze those struck by it, causing extra
   injury to most foes and up to half again as much damage against particularly
   susceptible opponents.
   It can also slow down cold-blooded creatures.
   It affects your dexterity (+3).
   It greatly protects you from cold.
   It protects you from poison.
   It may make you go berserk in combat.
Missiles
 q - 7 curare-tipped needles
 F - 12 throwing nets (quivered) {!f}
Jewellery
 a - a ring of wizardry (left tentacle)
 f - the amulet "Ryuzox" (around mantle) {Reflect -Tele MP+9 Str+5 Dex+4 SH+2}
   (You took it off a wizard on level 12 of the Dungeon)

   [amulet of reflection]

   It shields you and reflects attacks.
   It affects your strength (+5).
   It affects your dexterity (+4).
   It affects your magic capacity (+9).
   It prevents most forms of teleportation.
   It affects your SH (+2).
 y - a ring of wizardry (on tentacle)
 B - a ring of wizardry (on tentacle)
 C - a ring of see invisible (right tentacle)
 E - a ring of positive energy (on tentacle)
 G - an uncursed amulet of rage
 N - an uncursed ring of ice
 R - a ring of resist corrosion (on tentacle)
 U - a ring of protection from cold (on tentacle)
Wands
 u - a wand of iceblast (14)
 A - a wand of polymorph (6)
 S - a wand of enslavement (10)
 V - a wand of flame (22)
 X - a wand of acid (2)
 Z - a wand of digging (4)
Scrolls
 e - 5 scrolls of magic mapping
 h - a scroll of blinking
 i - 5 scrolls of fog
 j - 8 scrolls of enchant weapon
 l - 3 scrolls of enchant armour
 m - 2 scrolls of silence
 o - 8 scrolls of teleportation {@r3}
 v - a scroll of holy word
 w - 7 scrolls of identify {@r1}
 H - a scroll of brand weapon
 P - 2 scrolls of fear
Potions
 c - 2 potions of heal wounds
 g - 3 potions of mutation
 n - a potion of lignification
 t - 5 potions of haste
 D - 3 potions of might
 I - a potion of magic
 K - 3 potions of curing {@q1}
 L - 2 potions of ambrosia
 M - a potion of invisibility
 O - 2 potions of agility
 T - 2 potions of cancellation
Miscellaneous
 s - a sack of spiders
 J - a lamp of fire
 Q - a box of beasts
 W - a fan of gales
Comestibles
 b - 40 rations


   Skills:
 - Level 18.6 Fighting
   Level 3.0 Short Blades
 * Level 0.6(7.8) Axes
 - Level 12.0 Maces & Flails
 - Level 13.0 Dodging
 - Level 3.0 Stealth
 - Level 4.5 Spellcasting
 - Level 2.1 Hexes
 - Level 2.0 Necromancy
 - Level 3.0 Invocations
 - Level 5.0 Evocations


You had 20 spell levels left.
You knew the following spells:

 Your Spells              Type           Power        Failure   Level  Hunger
a - Confusing Touch       Hex            #.....       1%          1    None
b - Animate Skeleton      Necr           N/A          1%          1    None
c - Apportation           Tloc           #.....       4%          1    None

Your spell library contained the following spells:

 Spells                   Type           Power        Failure   Level  Hunger
 Sublimation of Blood     Necr           #.........   3%          2    ##.....
 Beastly Appendage        Tmut           #.....       4%          1    None
 Summon Small Mammal      Summ           #...         4%          1    None
 Confuse                  Hex            #.......     5%          3    ###....
 Vampiric Draining        Necr           #.........   5%          3    ###....
 Sticks to Snakes         Tmut           #.......     7%          2    ##.....
 Gell's Gravitas          Tloc           #.........   13%         3    ###....
 Ignite Poison            Fire/Tmut/Pois #.......     13%         3    ###....
 Spider Form              Tmut/Pois      #.........   13%         3    ###....
 Leda's Liquefaction      Hex/Erth       #.........   26%         4    ####...
 Ice Form                 Ice/Tmut       #.......     36%         4    ####...
 Petrify                  Tmut/Erth      #.......     36%         4    ####...
 Agony                    Necr           #.......     41%         5    ######.
 Metabolic Englaciation   Hex/Ice        #.........   54%         5    ######.
 Yara's Violent Unravell  Hex/Tmut       #.........   54%         5    ######.
 Alistair's Intoxication  Tmut/Pois      #.......     67%         5    ######.
 Blade Hands              Tmut           #.........   67%         5    ######.
 Bolt of Magma            Conj/Fire/Erth #.........   67%         5    ######.
 Irradiate                Conj/Tmut      #.........   67%         5    ######.
 Venom Bolt               Conj/Pois      #.........   67%         5    ######.
 Simulacrum               Ice/Necr       #.........   96%         6    #######
 Bolt of Cold             Conj/Ice       #.........   99%         6    #######
 Freezing Cloud           Conj/Ice/Air   #.........   99%         6    #######
 Iron Shot                Conj/Erth      #.........   99%         6    #######
 Ozocubu's Refrigeration  Ice            #.........   99%         6    #######
 Statue Form              Tmut/Erth      #........    99%         6    #######
 Shatter                  Erth           #.........   100%        9    #######


Dungeon Overview and Level Annotations

Branches:
Dungeon (15/15)            Temple (1/1) D:4            Lair (6/6) D:10
  Swamp (0/4) Lair:4       Spider (0/4) Lair:4        Slime (0/5) Lair:5
    Orc (2/2) D:12         Vaults (0/5) D:13         Depths (0/5) D:15
    Elf: Orc:2

Altars:
Ashenzari
Cheibriados
Dithmenos
Elyvilon
Fedhas
Gozag
Hepliaklqana
Kikubaaqudgha
Makhleb
Nemelex Xobeh
Okawaru
Qazlal
Ru
Sif Muna
Trog
Uskayaw
Vehumet
Wu Jian
Xom
Yredelemnul
Zin
The Shining One
Beogh

Shops:
D:7 [!(?(   Orc:2 [

Annotations:
D:13 1 exclusion
D:14 exclusion: tentacled monstrosity
Lair:5 1 runed translucent door, Shinnjin's ghost, journeyman MiBe


Innate Abilities, Weirdness & Mutations

You cannot wear most types of armour.
You are very stealthy in the water. (Stealth+)
You are amphibious.
You can wear up to eight rings at the same time.
You can use your tentacles to constrict eight enemies at once.
Your skin changes colour to match your surroundings (Stealth+).
Your rubbery body absorbs attacks. (AC +1, EV +1)
One of your tentacles bears a spike.
You are partially covered in iridescent scales. (AC +2)
You are partially covered in large bone plates. (SH +4)
You are very dopey. (Int -4)
Your flesh is heat resistant. (rF+)
You are somewhat resistant to further mutation.


Message History

The orc warrior hits you with a +2 scimitar of slicing!!
You are covered in liquid flames!
The orc sorcerer hits you but does no damage.
The smoke demon gestures at you. Something smites you!
* * * LOW HITPOINT WARNING * * *
You are covered in liquid flames!
* * * LOW HITPOINT WARNING * * *
The orc sorcerer hits you with a cursed -2 dagger.
* * * LOW HITPOINT WARNING * * *
The orc warrior hits you with a +2 scimitar of slicing!
* * * LOW HITPOINT WARNING * * *
x2 The smoke demon hits you.
* * * LOW HITPOINT WARNING * * *
The smoke demon hits you.
* * * LOW HITPOINT WARNING * * *
The smoke demon hits you.
* * * LOW HITPOINT WARNING * * *
The neqoxec hits you!
You die...

..#...#.#....o.
..............O #..
..............h
##..###...........#
#.................#.
.............$......
#.........h.........
.........o3o........
#.........@3.......#
#.........<.........
.................#.∩
....................
...#...............#
....................
...#................
..##...#........#..
.. #...#.........


You could see a smoke demon, a neqoxec, a warg, an orc sorcerer and an orc
warrior.

Vanquished Creatures
  Rupert (Lair:3)
  Jorgrun (D:13)
  A very ugly thing (D:14)
  Nessos (D:14)
  Snorg (D:11)
  An ettin (D:15)
  Fannar (D:11)
  5 hydras
  2 catoblepae (Lair:6)
  4 centaur warriors
  An ogre mage (D:15)
  8 two-headed ogres
  7 death yaks
  5 hell knights
  A deep elf knight (D:15)
  2 large abominations (D:14)
  An unseen horror (D:15)
  3 skeletal warriors (D:14)
  The ghost of hemabe the Charlatan, a novice HuAr of Trog (D:7)
  A wizard (D:12)
  2 necromancers (D:12)
  7 ugly things
  A wolf spider zombie (D:10)
  4 cyclopes
  5 manticores
  Maurice (D:13)
  3 elephants (Lair:4)
  4 black mambas
  An orange demon (D:12)
  2 spiny frogs
  2 rust devils (D:12)
  A gargoyle (D:13)
  8 komodo dragons
  A rime drake (shapeshifter) (D:15)
  3 efreet
  2 rime drakes
  2 polar bears (D:11)
  3 trolls
  3 jumping spiders (Lair:4)
  Grinder (D:3)
  A slime creature (Lair:5)
  A blink frog (shapeshifter) (D:13)
  A hornet (Lair:6)
  11 blink frogs
  5 hippogriffs
  A shadow (D:12)
  A spriggan (Lair:6)
  18 yaks
  6 redbacks (Lair:4)
  2 water elementals
  2 wraiths
  4 basilisks
  7 wyverns
  A human (shapeshifter) (D:13)
  3 hogs (D:12)
  4 hungry ghosts
  A steam dragon (D:10)
  A chaos spawn (D:14)
  A neqoxec (D:14)
  7 vampire mosquitoes
  An acid dragon (D:15)
  4 swamp worms (Lair:4)
  6 hell hounds (D:12)
  14 water moccasins
  A meliai simulacrum (D:14)
  7 orc warriors
  6 porcupines
  2 sky beasts
  4 eyes of draining
  4 small abominations (D:14)
  6 ice beasts
  An ogre (shapeshifter) (D:15)
  7 phantoms
  4 black bears
  8 ogres
  19 wolves
  5 crocodiles
  12 centaurs
  3 big kobolds
  18 bullfrogs
  8 gnoll sergeants (Bailey)
  A wyvern skeleton (D:14)
  3 scorpions
  9 killer bees
  3 wights (D:10)
  10 electric eels
  3 howler monkeys
  6 crimson imps
  3 quasits
  A wyvern simulacrum (D:14)
  A bullfrog zombie (D:13)
  11 orc wizards
  A bullfrog skeleton (D:4)
  3 centaur zombies
  Crazy Yiuf (D:4)
  6 centaur skeletons
  5 orc priests
  6 gnoll shamans (Bailey)
  10 hounds
  9 jellies
  Natasha (thrice) (D:2)
  2 iguanas
  10 worker ants
  A killer bee zombie (D:10)
  A hound zombie (D:6)
  A hound skeleton (D:4)
  18 gnolls
  A howler monkey skeleton (D:7)
  7 adders
  2 shadow imps
  2 white imps (D:11)
  2 oozes
  2 adder zombies
  An adder skeleton (D:5)
  4 worms
  3 dart slugs
  5 leopard geckos
  48 orcs
  5 giant cockroaches
  6 hobgoblins
  8 jackals
  15 kobolds
  5 quokkas
  A ball python (D:1)
  5 bats
  4 frilled lizards
  6 goblins
  A jackal skeleton (D:5)
  A leopard gecko skeleton (D:7)
  A quokka skeleton (D:6)
  A quokka zombie (D:5)
  4 rats
  A plant (Lair:3)
591 creatures vanquished.

Vanquished Creatures (collateral kills)
  Kirke (D:12)
  A great orb of eyes (D:12)
  3 hydras (Lair:3)
  A catoblepas (Lair:6)
  A death knight (D:15)
  A wizard (D:12)
  A necromancer (D:12)
  2 ugly things
  A manticore (D:15)
  A spiny frog (Lair:6)
  A rime drake (Lair:6)
  2 komodo dragons
  A hippogriff (Lair:6)
  A wraith (D:12)
  4 yaks (Lair:6)
  A hungry ghost (D:15)
  A hell hound (D:12)
  10 wolves (Lair:6)
  3 centaurs
  A crocodile (Lair:6)
  A small abomination (D:14)
  An electric eel (D:14)
  A worker ant (D:14)
  2 fungi (Lair:6)
  A plant (Lair:3)
44 creatures vanquished.

Vanquished Creatures (others)
  An orc wizard (D:15)
  15 fungi
  15 plants
31 creatures vanquished.

Grand Total: 666 creatures vanquished

Notes
Turn   | Place    | Note
-------+----------+-------------------------------------------
     0 | D:1      | hugintern the Octopode Chaos Knight began the quest for the
                  | Orb.
     0 | D:1      | Reached XP level 1. HP: 16/16 MP: 1/1
    19 | D:1      | Reached skill level 1 in Stealth
    80 | D:1      | Reached XP level 2. HP: 21/21 MP: 2/2
   266 | D:1      | XOM: silly message
   463 | D:1      | XOM: harmless Summ miscast
   817 | D:2      | Reached XP level 3. HP: 24/26 MP: 3/3
   892 | D:2      | Noticed Natasha
   893 | D:2      | XOM: harmless Tmut miscast
   895 | D:2      | XOM: butterfly on damage
   896 | D:2      | XOM: potion effect (agility)
   902 | D:2      | Killed Natasha
   902 | D:2      | Reached skill level 4 in Fighting
   951 | D:2      | Noticed Natasha
  1042 | D:2      | Killed Natasha
  1042 | D:2      | Reached XP level 4. HP: 8/34 MP: 4/4
  1260 | D:2      | XOM: divination: detect items
  1282 | D:2      | Noticed Natasha
  1287 | D:2      | XOM: potion effect (invisibility)
  1288 | D:2      | Killed Natasha
  1431 | D:2      | Reached skill level 5 in Fighting
  1431 | D:2      | Reached XP level 5. HP: 39/39 MP: 5/5
  1478 | D:2      | XOM: mild Ice miscast
  1985 | D:3      | XOM: stealth player
  2073 | D:3      | XOM: scenery: 1 doors close
  2122 | D:3      | XOM: 7-stop teleportation journey
  2205 | D:3      | XOM: god gift: 560 gold pieces
  2345 | D:3      | Reached skill level 1 in Maces & Flails
  2357 | D:3      | Noticed Grinder
  2366 | D:3      | Killed Grinder
  2366 | D:3      | Reached XP level 6. HP: 32/45 MP: 6/6
  2459 | D:3      | XOM: god gift: great mace {god gift}
  2734 | D:3      | XOM: cloud trail
  2839 | D:3      | XOM: give mutations
  2839 | D:3      | Gained mutation: Your muscles are strong. (Str +2) [Xom's
                  | grace]
  2839 | D:3      | Gained mutation: One of your tentacles bears a spike.
                  | [Xom's grace]
  2839 | D:3      | Gained mutation: You are partially covered in iridescent
                  | scales. (AC +2) [Xom's grace]
  2839 | D:3      | Gained mutation: You are partially covered in large bone
                  | plates. (SH +4) [Xom's grace]
  3313 | D:4      | XOM: mild Summ miscast
  3419 | D:4      | XOM: mild Tloc miscast
  3523 | D:4      | Reached XP level 7. HP: 50/50 MP: 7/7
  3588 | D:4      | Found a staircase to the Ecumenical Temple.
  3597 | Temple   | Entered the Ecumenical Temple
  3638 | Temple   | Fell from the grace of Xom
  3638 | Temple   | Became a worshipper of Makhleb the Destroyer
  3781 | D:4      | Found a shimmering altar of Xom.
  3783 | D:4      | Found a blossoming altar of Fedhas.
  3783 | D:4      | Found an ornate altar of the Wu Jian Council.
  3785 | D:4      | Found a white marble altar of Elyvilon.
  3785 | D:4      | Found a sparkling altar of Nemelex Xobeh.
  3785 | D:4      | Found a stormy altar of Qazlal.
  3804 | D:4      | XOM: give mutation
  3804 | D:4      | Gained mutation: You are clumsy. (Dex -2) [Xom's mischief]
  4025 | D:4      | Reached skill level 5 in Maces & Flails
  4111 | D:4      | Found a runed translucent door.
  4112 | D:4      | Noticed Crazy Yiuf
  4118 | D:4      | Killed Crazy Yiuf
  4118 | D:4      | Reached skill level 5 in Dodging
  4313 | D:5      | Entered Level 5 of the Dungeon
  4496 | D:5      | Reached XP level 8. HP: 55/55 MP: 8/8
  4507 | D:5      | Learned a level 1 spell: Confusing Touch
  4509 | D:5      | Learned a level 1 spell: Animate Skeleton
  4511 | D:5      | Learned a level 1 spell: Apportation
  4572 | D:5      | XOM: 2-stop teleportation journey
  4700 | D:5      | XOM: confusion
  4715 | D:5      | Reached skill level 1 in Hexes
  4715 | D:5      | Reached skill level 1 in Necromancy
  5330 | D:5      | XOM: god gift: weird jewelled staff {god gift}
  5541 | D:6      | Reached skill level 1 in Spellcasting
  5590 | D:6      | Found a bloodstained altar of Trog.
  5679 | D:6      | Reached skill level 1 in Invocations
  5898 | D:6      | XOM: mild Conj miscast
  5974 | D:6      | XOM: noise
  6356 | D:6      | Reached * piety under Makhleb
  6464 | D:6      | Found a sparkling altar of Nemelex Xobeh.
  6471 | D:6      | XOM: scenery: 2 doors open, 2 doors close
  6631 | D:7      | Found Ymeado's Magic Scroll Boutique.
  6638 | D:7      | Bought a scroll of silence for 105 gold pieces
  6638 | D:7      | Bought a scroll of blinking for 105 gold pieces
  6638 | D:7      | Bought a scroll of enchant weapon for 105 gold pieces
  6638 | D:7      | Bought a scroll of teleportation for 42 gold pieces
  6638 | D:7      | Bought a scroll of holy word for 105 gold pieces
  6638 | D:7      | Bought a scroll of noise for 14 gold pieces
  6638 | D:7      | Bought a scroll of teleportation for 42 gold pieces
  6706 | D:7      | Found Xyqext's Antique Weapon Boutique.
  6709 | D:7      | Bought a dazzling trident for 136 gold pieces
  6709 | D:7      | Bought a twisted great mace for 184 gold pieces
  6709 | D:7      | Identified the +5 trident of Hosal {holy, rC+ Str+4} (You
                  | bought it in a shop on level 7 of the Dungeon)
  6710 | D:7      | Identified the +3 great mace of Iruo {flame, rPois rN+ MR+
                  | Dex-4} (You bought it in a shop on level 7 of the Dungeon)
  6748 | D:7      | XOM: scenery: create altars
  6899 | D:7      | XOM: god gift: 61 gold pieces
  6968 | D:7      | Reached XP level 9. HP: 37/61 MP: 12/12
  6986 | D:7      | XOM: give mutations
  6986 | D:7      | Lost mutation: Your muscles are strong. (Str +2) [Xom's
                  | mischief]
  6986 | D:7      | Gained mutation: You are very clumsy. (Dex -4) [Xom's
                  | mischief]
  7191 | D:7      | XOM: medium Air miscast
  7453 | D:7      | Found a runed translucent gate.
  7462 | D:7      | Found a runed translucent gate.
  7463 | D:7      | Found a runed translucent gate.
  7485 | D:7      | Got a shimmering short sword
  7520 | D:7      | Found Daam's Distillery.
  7534 | D:7      | Bought a potion of lignification for 36 gold pieces
  7534 | D:7      | Bought a potion of degeneration for 12 gold pieces
  7534 | D:7      | Bought a potion of flight for 36 gold pieces
  7539 | D:7      | Found Fanwott's Armour Shop.
  7615 | D:7      | Found Idynkuor's Antique Weapon Shop.
  7682 | D:7      | XOM: noise
  7706 | D:7      | XOM: give mutations
  7706 | D:7      | Lost mutation: One of your tentacles bears a spike. [Xom's
                  | mischief]
  7706 | D:7      | Gained mutation: Your body sometimes deteriorates upon
                  | taking damage. [Xom's mischief]
  7706 | D:7      | Gained mutation: You are dopey. (Int -2) [Xom's mischief]
  7706 | D:7      | Gained mutation: You are very dopey. (Int -4) [Xom's
                  | mischief]
  7836 | D:7      | XOM: medium Tloc miscast
  8084 | D:7      | Identified the +4 rapier of Manueximan {flame, MR+ Int-3
                  | Dex+3 Stlth+}
  8085 | D:7      | Noticed hemabe's ghost (novice HuAr)
  8088 | D:7      | Found a roughly hewn altar of Beogh.
  8337 | D:8      | Noticed a two-headed ogre
  8365 | D:8      | Killed a two-headed ogre
  8387 | D:8      | XOM: medium Erth miscast
  8695 | D:8      | Noticed a two-headed ogre
  8740 | D:8      | HP: 3/61 [two-headed ogre/+0 giant club (22)]
  8747 | D:8      | Killed a two-headed ogre
  8747 | D:8      | Reached skill level 10 in Maces & Flails
  8747 | D:8      | Reached XP level 10. HP: 5/66 MP: 13/13
  8978 | D:8      | XOM: give mutation
  8978 | D:8      | Lost mutation: You are very clumsy. (Dex -4) [Xom's
                  | mischief]
  9902 | D:9      | Found a flagged portal.
  9914 | D:9      | XOM: mild Tmut miscast
  9925 | Bailey   | XOM: noise
  9925 | Bailey   | Entered a bailey
  9956 | Bailey   | Reached ** piety under Makhleb
 10297 | Bailey   | XOM: destruction
 10416 | Bailey   | XOM: medium Air miscast
 10500 | Bailey   | XOM: mild Fire miscast
 10525 | Bailey   | XOM: medium Tloc miscast
 11507 | D:9      | Identified the +9 short sword "Hulk" {pierce, Int+3} (You
                  | found it on level 7 of the Dungeon)
 11813 | D:9      | XOM: give mutations
 11813 | D:9      | Gained mutation: Scrolls take you a little longer to read.
                  | [Xom's mischief]
 11813 | D:9      | Lost mutation: Scrolls take you a little longer to read.
                  | [Xom's mischief]
 11839 | D:9      | XOM: medium Necr miscast
 11839 | D:9      | Was forgiven by Xom
 12144 | D:10     | Entered Level 10 of the Dungeon
 12226 | D:10     | Reached *** piety under Makhleb
 12413 | D:10     | Noticed a two-headed ogre
 12427 | D:10     | Killed a two-headed ogre
 12427 | D:10     | Reached skill level 6 in Fighting
 12427 | D:10     | Reached XP level 11. HP: 74/74 MP: 14/14
 13066 | D:10     | Reached skill level 7 in Fighting
 13507 | D:10     | Reached skill level 1 in Evocations
 13679 | D:10     | Found a staircase to the Lair.
 13917 | D:11     | Noticed Snorg
 13935 | D:11     | Killed Snorg
 13935 | D:11     | Reached skill level 8 in Fighting
 14624 | D:11     | Noticed a white ugly thing
 14633 | D:11     | Killed a white ugly thing
 14691 | D:11     | Noticed Fannar
 14731 | D:11     | Killed Fannar
 14731 | D:11     | Reached skill level 9 in Fighting
 15388 | D:7      | Bought a potion of invisibility for 96 gold pieces
 15388 | D:7      | Bought a potion of might for 48 gold pieces
 15388 | D:7      | Bought a potion of lignification for 36 gold pieces
 15388 | D:7      | Bought a potion of agility for 48 gold pieces
 15388 | D:7      | Bought a potion of lignification for 36 gold pieces
 15388 | D:7      | Bought a potion of haste for 120 gold pieces
 15530 | Lair:1   | Entered Level 1 of the Lair of Beasts
 16296 | Lair:1   | Reached XP level 12. HP: 86/86 MP: 15/15
 16930 | Lair:2   | Reached **** piety under Makhleb
 16930 | Lair:2   | Reached skill level 10 in Fighting
 16930 | Lair:2   | Reached skill level 5 in Evocations
 18276 | Lair:3   | Noticed a seven-headed hydra
 18284 | Lair:3   | Killed a seven-headed hydra
 18605 | Lair:3   | Reached skill level 11 in Fighting
 18605 | Lair:3   | Reached skill level 10 in Dodging
 18770 | Lair:3   | Noticed a five-headed hydra
 18781 | Lair:3   | Killed a five-headed hydra
 18975 | Lair:3   | Noticed Rupert
 18986 | Lair:3   | Noticed a seven-headed hydra
 18997 | Lair:3   | Killed a seven-headed hydra
 19500 | Lair:3   | Noticed a six-headed hydra
 19517 | Lair:3   | Killed a six-headed hydra
 19605 | Lair:3   | Found a stormy altar of Qazlal.
 20110 | Lair:4   | Noticed a seven-headed hydra
 20118 | Lair:4   | Killed a seven-headed hydra
 20118 | Lair:4   | Reached skill level 12 in Fighting
 20457 | Lair:4   | Reached XP level 13. HP: 66/97 MP: 16/16
 20624 | Lair:4   | Found a shattered altar of Ashenzari.
 21099 | Lair:4   | Found a hole to the Spider Nest.
 21979 | Lair:4   | Reached skill level 13 in Fighting
 22303 | Lair:5   | Found a staircase to the Slime Pits.
 22763 | Lair:5   | Found a runed translucent door.
 22766 | Lair:5   | Noticed Shinnjin's ghost (journeyman MiBe)
 22770 | Lair:5   | Identified the +5 trident of World Downfall {flame, rF+}
 23933 | D:7      | Killed hemabe's ghost
 24721 | D:12     | Found a staircase to the Orcish Mines.
 24853 | D:12     | Reached skill level 14 in Fighting
 24859 | D:12     | Noticed Kirke
 24871 | D:12     | Killed Kirke
 25095 | D:12     | Found a runed translucent door.
 25096 | D:12     | Noticed a great orb of eyes
 25326 | D:12     | Reached ***** piety under Makhleb
 26084 | D:13     | Reached skill level 15 in Fighting
 26711 | D:13     | Noticed Maurice
 27081 | D:13     | Found a gate to the Vaults.
 27114 | D:13     | Noticed Jorgrun
 27121 | D:13     | HP: 5/104 [Jorgrun/blast of rock fragments (36)]
 27124 | D:13     | HP: 2/104 [poisoned by a scorpion]
 27367 | D:13     | Killed Maurice
 27419 | D:14     | Reached XP level 14. HP: 95/110 MP: 17/17
 27578 | D:14     | Noticed Nessos
 29411 | D:14     | Killed Nessos
 29411 | D:14     | Reached skill level 16 in Fighting
 30596 | D:14     | Got a dazzling long sword
 30765 | D:14     | Found a runed translucent door.
 31690 | Lair:6   | Entered Level 6 of the Lair of Beasts
 32205 | Lair:5   | Lost mutation: Your body sometimes deteriorates upon taking
                  | damage. [potion of mutation]
 32205 | Lair:5   | Lost mutation: You are clumsy. (Dex -2) [potion of
                  | mutation]
 32205 | Lair:5   | Gained mutation: One of your tentacles bears a spike.
                  | [potion of mutation]
 32205 | Lair:5   | Gained mutation: Your flesh is heat resistant. (rF+)
                  | [potion of mutation]
 32205 | Lair:5   | Gained mutation: You are somewhat resistant to further
                  | mutation. [potion of mutation]
 32736 | Lair:6   | Reached skill level 17 in Fighting
 34769 | Lair:6   | Reached skill level 18 in Fighting
 35163 | Lair:4   | Found a shattered altar of Ashenzari.
 35236 | Lair:4   | Found a hole to the Spider Nest.
 35683 | Lair:4   | Reached XP level 15. HP: 103/122 MP: 17/19
 35903 | Lair:4   | Found a staircase to the Swamp.
 36384 | Lair:3   | Paralysed by Rupert for 4 turns
 36542 | Lair:3   | Paralysed by Rupert for 6 turns
 36555 | Lair:3   | Killed Rupert
 36884 | Lair:3   | Found a stormy altar of Qazlal.
 37226 | D:12     | Identified the amulet "Ryuzox" {Reflect -Tele MP+9 Str+5
                  | Dex+4 SH+2}
 37620 | D:12     | Identified the Incunabulum of Poisonous Darkness
 38424 | D:14     | Noticed a tentacled monstrosity
 38651 | D:15     | Entered Level 15 of the Dungeon
 38857 | D:15     | Found a staircase to the Depths.
 39230 | D:15     | Found a basalt altar of Yredelemnul.
 39722 | D:15     | Got a slimy battleaxe
 40101 | D:13     | Killed Jorgrun
 40263 | D:13     | Identified the +6 battleaxe of the Pits of Slime {freeze,
                  | *Rage rPois rC++ Dex+3} (You found it on level 15 of the
                  | Dungeon)
 40309 | Orc:1    | Entered Level 1 of the Orcish Mines
 40403 | Orc:2    | Entered Level 2 of the Orcish Mines
 40405 | Orc:2    | Found Atoimur's Antique Armour Boutique.
 40416 | Orc:2    | Paralysed by an orc sorcerer for 7 turns
 40422 | Orc:2    | HP: 6/123 [smoke demon[an orc high priest] (1)]
 40422 | Orc:2    | Slain by a neqoxec

Levels and vault maps discovered:
D:1:      lightli_arrival_lavapool, layout_basic
D:2:      layout_rooms, uniq_natasha
D:3:      layout_basic, grunt_decor_arrowhead, minmay_randomly_rotated_circles,
          uniq_grinder
D:4:      layout_loops_ring, temple_hall, first_ration, doesnt_xom_only_xom,
          uniq_crazy_yiuf_cottage
D:5:      layout_basic
D:6:      layout_basic, kennysheep_little_box, trog_three_pillars_becter
D:7:      layout_basic, serial_shops, kennysheep_mini_moat, shop, shop,
          nicolae_shop_competitors_out_of_business,
          nicolae_shop_temple_entry_statues_fountains,
          biasface_ghost_orc_armoury
D:8:      layout_basic
D:9:      layout_rooms, enter_bailey_2
D:10:     layout_rooms, erik_lair_dragon
D:11:     layout_long_grid, serial_ice, serial_ice_j, serial_ice_e,
          serial_ice_n, serial_ice_b, uniq_snorg, uniq_fannar
D:12:     mludivico_vault, layout_irregular_city, orc_0_dummy, uniq_kirke
D:13:     layout_loops_ring, david_vaults_4, serial_glass, glass_columns_b,
          glass_columns_a, due_unseen_surprise, item_on_display_a, uniq_maurice,
          uniq_jorgrun
D:14:     cheibrodos_body_horror, layout_basic, serial_park_square2, uniq_nessos
D:15:     hangedman_depths_entry_civil_slaughter, layout_basic,
          yredelemnul_altar_generic, drop_trap
Temple:   kilobyte_greek_temple
Lair:1:   layout_cave_pods
Lair:2:   layout_roguey, serial_bayou, serial_bayou_pond_b,
          serial_bayou_shore_a, serial_bayou_lagoon_a, serial_bayou_crossing,
          serial_bayou_pond_d, serial_bayou_ford_a
Lair:3:   layout_chaotic_city, serial_forest, infiniplex_forest_lined_ring,
          infiniplex_forest_lined_room_, infiniplex_forest_lined_2,
          infiniplex_forest_lined_room_, infiniplex_forest_lined_room_3,
          basic_altar, minivault_19, hibernation_bobbens, uniq_rupert
Lair:4:   layout_roguey, palyth_hydra_swamp_entry,
          nicolae_spider_entry_tight_spaces, basic_altar,
          infiniplex_staircase_pool
Lair:5:   layout_layer_cave, minmay_slime_entry_pillars,
          ebering_ghost_funeral_grove
Lair:6:   evilmike_catoblepas_cave, layout_cave_pods,
          grunt_forest_large_clearings
Orc:1:    layout_caves, david_defended_altar_orc
Orc:2:    st_orc_town, layout_caves, serial_shops, nicolae_shop_stone,
          guppyfry_orc_lava_fort
Bailey:   bailey_polearm_gnolls_kennysheep, bailey

Skill      XL: |  1  2  3  4  5  6  7  8  9 10 11 12 13 14 15 |
---------------+----------------------------------------------+-----
Stealth        | 1 3 |  3.0
Fighting       | 4 5 6 9 12 15 18 | 18.6
Dodging        | 4 5 7 9 11 13 | 13.0
Maces & Flails | 3 5 6 10 12 | 12.0
Hexes          | 2 |  2.1
Necromancy     | 2 |  2.0
Spellcasting   | 2 4 |  4.5
Invocations    | 2 3 |  3.0
Evocations     | 4 5 |  5.0
Short Blades   | |  3.0
Axes           | |  0.6

Action                   |  1- 3 |  4- 6 |  7- 9 | 10-12 | 13-15 || total
-------------------------+-------+-------+-------+-------+-------++-------
Melee: Short sword       |    47 |    52 |       |       |       ||    99
       Tentacles         |     8 |    22 |    27 |   106 |   245 ||   408
       Constrict         |    11 |    27 |    31 |    91 |   135 ||   295
       Morningstar       |       |    56 |   207 |   563 |   997 ||  1823
       Kick              |       |     7 |    38 |       |   217 ||   262
       Flail             |       |       |       |    31 |       ||    31
       Battleaxe         |       |       |       |       |     5 ||     5
 Fire: Blowgun           |       |       |     4 |     6 |    11 ||    21
Throw: Tomahawk          |       |     1 |       |       |       ||     1
       Javelin           |       |       |       |    24 |       ||    24
       Throwing net      |       |       |       |       |     1 ||     1
 Cast: Confusing Touch   |       |       |     1 |     4 |     5 ||    10
       Animate Skeleton  |       |       |       |     7 |    43 ||    50
Invok: Minor Destruction |       |       |       |    11 |    13 ||    24
       Lesser Servant of |       |       |       |     7 |    17 ||    24
 Abil: Evoke Berserk Rag |       |       |       |     2 |     2 ||     4
Evoke: Wand              |       |       |     5 |     9 |    46 ||    60
       Lamp of fire      |       |       |       |     1 |     2 ||     3
  Use: Potion            |     2 |     1 |     4 |     1 |    15 ||    23
       Scroll            |       |     6 |     7 |    12 |    15 ||    40
 Stab: Sleeping          |     3 |     7 |    16 |    13 |    21 ||    60
       Paralysed         |       |       |     1 |     9 |    14 ||    24
       Distracted        |       |       |       |     3 |     9 ||    12
       Confused          |       |       |       |     1 |     6 ||     7
       Petrified         |       |       |       |       |     6 ||     6
       Held in net/web   |       |       |       |       |     1 ||     1
  Eat: Chunk             |       |     7 |     8 |    35 |    38 ||    88
       Ration            |       |       |     3 |     1 |     9 ||    13
Armor: Skin              |     2 |     7 |    57 |    56 |    60 ||   182
Dodge: Dodged            |    27 |    79 |   127 |   441 |   745 ||  1419
Block: Other             |       |     4 |    24 |    85 |   143 ||   256
       Reflection        |       |       |       |       |     3 ||     3

Table legend:
 A = Non-vault XP
 B = Vault XP
 C = Vault XP percentage of total XP
 D = Non-vault monster count
 E = Vault monster count
 F = Vault count percentage of total count
                 A         B        C        D         E       F
            +---------+---------+-------+---------+---------+-------
      Total |   66373 |   54293 |  45.0 |     447 |     184 |  29.2
            +---------+---------+-------+---------+---------+-------
        D:1 |      32 |       0 |   0.0 |      14 |       0 |   0.0
        D:2 |     148 |      37 |  20.0 |      23 |       1 |   4.2
        D:3 |     106 |     288 |  73.1 |      23 |       7 |  23.3
        D:4 |     428 |      42 |   8.9 |      17 |       1 |   5.6
        D:5 |     424 |       0 |   0.0 |      12 |       0 |   0.0
        D:6 |     620 |       0 |   0.0 |      17 |       0 |   0.0
        D:7 |    1088 |     967 |  47.1 |      22 |      10 |  31.2
        D:8 |    2623 |       0 |   0.0 |      17 |       0 |   0.0
        D:9 |    1044 |       0 |   0.0 |      19 |       0 |   0.0
       D:10 |    2521 |    1182 |  31.9 |      20 |       5 |  20.0
       D:11 |    2197 |    3287 |  59.9 |      19 |      11 |  36.7
       D:12 |    2645 |   10696 |  80.2 |      16 |      24 |  60.0
       D:13 |    8190 |    4664 |  36.3 |      50 |       7 |  12.3
       D:14 |    9194 |    5429 |  37.1 |      33 |      13 |  28.3
       D:15 |   10721 |    5425 |  33.6 |      42 |       6 |  12.5
     Lair:1 |    2632 |       0 |   0.0 |      13 |       0 |   0.0
     Lair:2 |    3151 |      85 |   2.6 |      19 |       1 |   5.0
     Lair:3 |    5688 |    2952 |  34.2 |      17 |       2 |  10.5
     Lair:4 |    5413 |    5051 |  48.3 |      18 |      17 |  48.6
     Lair:5 |    2743 |    1560 |  36.3 |       9 |       8 |  47.1
     Lair:6 |    4352 |   11429 |  72.4 |      21 |      41 |  66.1
      Orc:1 |     413 |       0 |   0.0 |       6 |       0 |   0.0
     Bailey |       0 |    1199 | 100.0 |       0 |      30 | 100.0
            +---------+---------+-------+---------+---------+-------
